cohdb
Replays
Latest Replays
All Replays
Popular Replays
Top Player Replays
Match Explorer
How It Works
Community
CoH3 Stats
Reddit
Sign in to upload your games and track your stats! →
Sign in with Steam
Match 31251295
Unlisted
Match 31251295
Overview
Messages
Build Orders
End
Kettenkrad Recon Vehicle
Construct Infanterie Kompanie
Selects Breakthrough Battlegroup
Selects Assault Grenadiers
MG 42 Machine Gun Team
MG 42 Machine Gun Team
Grenadier Squad
Grenadier Squad
Construct Luftwaffe Kompanie
Grenadier Squad
Medical Station
Selects Rapid Production
Pioneer Squad
Jäger Squad
Jäger Squad
Selects Blitzkrieg
Construct Panzer Kompanie
Sturmpanzer IV Brummbär
Selects Tiger Heavy Tank
Sturmpanzer IV Brummbär
Selects Smoke Bombing Run
Selects Incendiary Bombing Run
Smoke Bombing Run
Incendiary Bombing Run
Stick_Star
Beekeeper1992GODS
Nukepapa
byza
0
0
Comments
sign in to comment!
No comments posted yet!